 Dungeon Crawl Stone Soup version 0.28.0-62-gf88900778d (webtiles) character file.

Game seed: 10344576979380966145

2790 cbfl8 the Cleaver (level 9, -4/118 HPs)
             Began as a Minotaur Berserker on Apr 27, 2023.
             Was a Priest of Trog.
             Slain by a large abomination (36 damage)
             ... on level 2 of the Abyss.
             The game lasted 00:07:46 (6681 turns).

cbfl8 the Cleaver (Minotaur Berserker)              Turns: 6681, Time: 00:07:47

Health: -4/118     AC:  9    Str: 22      XL:     9   Next: 43%
Magic:  8/8        EV: 10    Int:  4      God:    Trog [***...]
Gold:   364        SH:  8    Dex: 13 (14) Spells: 8/8 levels left

rFire   . . .      SeeInvis .   h - +1 war axe (flame)
rCold   . . .      Faith    .   t - +0 kite shield
rNeg    . . .      Spirit   .   l - +0 scale mail
rPois   .          Reflect  .   (helmet restricted)
rElec   .          Harm     .   g - +0 cloak
rCorr   .          Rampage  .   (no gloves)
Will    .....                   (no boots)
Stlth   ..........              (no amulet)
HPRegen 0.29/turn               (no ring)
MPRegen 0.11/turn               (no ring)

@: berserking (expiring), very quick
A: horns 2, retaliatory headbutt
a: Renounce Religion, Berserk, Trog's Hand


You were on level 2 of the Abyss.
You worshipped Trog.
Trog was most pleased with you.
You visited 1 branch of the dungeon, and saw 5 of its levels.
You visited the Abyss 1 time.
You also visited: Sewer and Ossuary.

You collected 392 gold pieces.
You spent 28 gold pieces at shops.

Inventory:

Hand Weapons
 h - a +1 war axe of flaming (weapon)
Missiles
 b - 2 silver javelins (quivered)
 p - 4 boomerangs
Armour
 g - a +0 cloak (worn)
 l - a +0 scale mail (worn)
 t - a +0 kite shield (worn)
Wands
 a - a wand of charming (4)
 s - a wand of paralysis (8)
 x - a wand of iceblast (9)
Scrolls
 d - a scroll of blinking
 k - 2 scrolls of magic mapping
 q - a scroll of enchant armour
 w - a scroll of immolation {unknown}
 y - a scroll of acquirement
 z - 2 scrolls of fog {unknown}
Potions
 c - 3 potions of curing {unknown}
 e - 3 potions of ambrosia {unknown}
 f - 2 potions of haste {unknown}
 i - 2 potions of invisibility {unknown}
 m - a potion of cancellation {unknown}
 o - a potion of brilliance {unknown}
 r - a potion of berserk rage {unknown}
 u - a potion of attraction {unknown}
 v - 2 potions of heal wounds {unknown}
 A - 2 potions of flight {unknown}
 B - a potion of mutation {unknown}
Miscellaneous
 n - a condenser vane


   Skills:
 * Level 7.0 Fighting
 + Level 8.3 Axes
 * Level 2.2 Throwing
 * Level 7.5 Armour
 * Level 5.3 Dodging
 * Level 3.6 Stealth
 * Level 2.6 Shields
 * Level 3.6 Evocations


You had 8 spell levels left.
You didn't know any spells.
Your spell library was empty.

Dungeon Overview and Level Annotations

Branches:
Dungeon (5/15)             Temple (0/1) D:4           Sewer (visited)
Ossuary (visited)

Altars:

Shops:
D:2 ?   D:5 :

Annotations:
D:5 Eustachio


Innate Abilities, Weirdness & Mutations

You have a pair of horns on your head.
You reflexively headbutt those who attack you in melee.


Message History

You hit the quasit.
You kill the quasit!
That felt strangely unrewarding.
Unknown command.
Found a corrupted altar of Lugonu.
A large abomination comes into view.
The large abomination barely misses you.
Okay, then.
A red film seems to cover your vision as you go berserk!
You feel yourself moving faster!
You feel mighty! The large abomination hits you!
You hit the large abomination. You burn the large abomination.
The large abomination is lightly damaged.
The large abomination hits you!
You barely miss the large abomination.
The large abomination is lightly damaged.
The large abomination hits you!!
You hit the large abomination but do no damage.
You headbutt the large abomination.
The large abomination is lightly damaged.
The large abomination hits you!!
You hit the large abomination. You burn the large abomination.
You headbutt the large abomination!
The large abomination is heavily damaged.
You slash the large abomination! You burn the large abomination.
The large abomination is almost destroyed.
The large abomination barely misses you.
You furiously retaliate!
You headbutt the large abomination, but do no damage.
You completely miss the large abomination.
The large abomination is almost destroyed.
The large abomination hits you!
* * * LOW HITPOINT WARNING * * *
You barely miss the large abomination.
The large abomination is almost destroyed.
The large abomination closely misses you.
You hit the large abomination. You burn the large abomination.
The large abomination is almost destroyed.
The large abomination hits you!!!
You die...

..# # . #
##.#....
#. .....
#..# .
#..## #
..##.#
#.# #..##
#.# #####
##
#..##X@#
# ..#.###
###.#.#.
#...##..#
#.#. . ##
#.#.... #
.#...#. #
#._
#.#.## #
.# # .##.
.


You could see a large abomination.

Vanquished Creatures
  Pikel (D:4)
  Sigmund (D:4)
  A wyvern (D:5)
  Edmund (D:5)
  Menkaure (D:4)
  An acid dragon (D:5)
  2 water moccasins (D:5)
  Pargi (Sewer)
  An ice beast (D:5)
  3 ogres
  2 phantoms
  An elf zombie (Ossuary)
  5 water moccasin zombies (D:5)
  A water moccasin skeleton (D:4)
  A quasit (Abyss:2)
  A hound (D:5)
  A centaur skeleton (D:4)
  2 human zombies (Ossuary)
  5 iguanas
  An orc wizard (D:2)
  A hound zombie (Ossuary)
  4 mummies (Ossuary)
  Robin (D:4)
  2 adders
  3 gnolls (D:4)
  A howler monkey skeleton (D:4)
  A shadow imp (D:5)
  An adder zombie (Ossuary)
  3 worms
  4 dart slugs
  8 orcs
  An endoplasm (D:2)
  6 giant cockroaches
  8 goblins
  7 hobgoblins
  6 jackals
  8 kobolds
  6 quokkas
  5 ball pythons
  4 bats
  4 frilled lizards
  A goblin zombie (D:5)
  3 hobgoblin zombies (Ossuary)
  2 kobold zombies (Ossuary)
  2 orc zombies (Ossuary)
  6 rats
  A rat zombie (D:5)
132 creatures vanquished.

Notes
Turn   | Place    | Note
-------+----------+-------------------------------------------
     0 | D:1      | cbfl8 the Minotaur Berserker began the quest for the Orb.
     0 | D:1      | Reached XP level 1. HP: 19/19 MP: 0/0
     2 | D:1      | Noticed a tengu
     2 | D:1      | Noticed a dwarf
     4 | D:1      | Noticed a draconian
     4 | D:1      | Noticed a formicid
     6 | D:1      | Noticed a vine stalker
     8 | D:1      | Noticed a naga
    10 | D:1      | Noticed a demigod
    12 | D:1      | Noticed a felid
    12 | D:1      | Noticed a ghoul
    16 | D:1      | Noticed an octopode
    16 | D:1      | Noticed a vampire
    18 | D:1      | Noticed a gargoyle
    18 | D:1      | Noticed a troll
    20 | D:1      | Noticed a spriggan
    20 | D:1      | Noticed a human
    22 | D:1      | Noticed a minotaur
    22 | D:1      | Noticed an ogre
    24 | D:1      | Noticed a merfolk
    24 | D:1      | Noticed a demonspawn
    26 | D:1      | Noticed an elf
   178 | D:1      | Reached XP level 2. HP: 22/27 MP: 1/1
   180 | D:1      | Reached skill level 4 in Axes
   745 | D:1      | Found a faded altar of an unknown god.
   982 | D:2      | Reached XP level 3. HP: 34/34 MP: 2/2
  1230 | D:2      | Found Taad Neu's Magic Scroll Boutique.
  1329 | D:2      | Bought a scroll of identify for 28 gold pieces
  1459 | D:2      | Reached XP level 4. HP: 25/41 MP: 3/3
  2083 | D:3      | Found a glowing drain.
  2109 | Sewer    | Entered a sewer
  2195 | Sewer    | Noticed Pargi
  2198 | Sewer    | Killed Pargi
  2198 | Sewer    | Reached ** piety under Trog
  2199 | Sewer    | Reached skill level 1 in Stealth
  2199 | Sewer    | Reached skill level 1 in Evocations
  2199 | Sewer    | Reached XP level 5. HP: 47/47 MP: 4/4
  2269 | Sewer    | Reached skill level 5 in Axes
  2476 | D:3      | Reached skill level 5 in Fighting
  2932 | D:4      | Noticed Robin
  2937 | D:4      | Reached XP level 6. HP: 45/56 MP: 5/5
  2939 | D:4      | Killed Robin
  3016 | D:4      | Found a staircase to the Ecumenical Temple.
  3019 | D:4      | Noticed Sigmund
  3047 | D:4      | Killed Sigmund
  3597 | D:4      | Noticed Pikel
  3608 | D:4      | Killed Pikel
  3609 | D:4      | Reached skill level 6 in Axes
  3609 | D:4      | Reached skill level 5 in Armour
  3609 | D:4      | Reached XP level 7. HP: 39/62 MP: 6/6
  3990 | D:4      | Reached XP level 8. HP: 70/70 MP: 7/7
  4014 | D:4      | Noticed Menkaure
  4023 | D:4      | Killed Menkaure
  4215 | D:4      | Reached skill level 7 in Axes
  4407 | D:5      | Entered Level 5 of the Dungeon
  4481 | D:5      | Reached *** piety under Trog
  4594 | D:5      | Found a sand-covered staircase.
  4602 | Ossuary  | Entered an ossuary
  4616 | Ossuary  | Reached skill level 1 in Shields
  4619 | Ossuary  | Reached skill level 1 in Throwing
  4963 | D:5      | Identified a scroll of acquirement
  5057 | D:5      | Found Peser's Book Shop.
  5174 | D:5      | Reached XP level 9. HP: 75/78 MP: 8/8
  5210 | D:5      | Reached skill level 5 in Dodging
  5314 | D:5      | Noticed Edmund
  5324 | D:5      | Killed Edmund
  5325 | D:5      | Reached skill level 8 in Axes
  5463 | D:5      | Noticed Eustachio
  6485 | D:5      | Cast into level 1 of the Abyss (Eustachio)
  6531 | Abyss:1  | Noticed a thrashing horror
  6532 | Abyss:1  | Noticed a rakshasa
  6637 | Abyss:2  | Noticed a smoke demon
  6651 | Abyss:2  | Found a corrupted altar of Lugonu.
  6658 | Abyss:2  | Noticed a large abomination
  6681 | Abyss:2  | Slain by a large abomination

Illustrated notes

Levels and vault maps discovered:
D:1:      kb_arrival_jail, layout_loops_ring,
          hellmonk_ecumenical_altar_arch_garden, serial_bayou_lagoon_b
D:2:      layout_loops_cross, serial_shops, shop
D:3:      layout_loops_ring, portal_sewer_entry_f
D:4:      layout_loops_ring, minmay_temple_entry_grid, uniq_robin,
          uniq_menkaure, uniq_sigmund, uniq_pikel
D:5:      minmay_skewed_foursquare, layout_basic, serial_shops,
          nicolae_shop_crystal, enter_ossuary_4, uniq_eustachio, uniq_edmund
Abyss:2:  base: D:1, base: D:2, evilmike_abyss_exit_10

Skill      XL: |  1  2  3  4  5  6  7  8  9 |
---------------+----------------------------+-----
Fighting       | 4 5 6 7 |  7.0
Axes           | 4 5 6 7 8 |  8.3
Armour         | 3 5 6 7 |  7.5
Dodging        | 3 4 5 |  5.3
Stealth        | 1 2 3 |  3.6
Evocations     | 1 2 3 |  3.6
Shields        | 1 2 |  2.6
Throwing       | 1 2 |  2.2

Action                   |  1- 3 |  4- 6 |  7- 9 || total
-------------------------+-------+-------+-------++-------
Melee: Hand axe          |    38 |       |       ||    38
       Headbutt          |     6 |    11 |    32 ||    49
       War axe           |    23 |    97 |   160 ||   280
       Punch             |       |     1 |       ||     1
Invok: Berserk           |       |     1 |     1 ||     2
       Trog's Hand       |       |       |     1 ||     1
  Use: Scroll            |     2 |     4 |     7 ||    13
 Stab: Sleeping          |     1 |       |       ||     1
Armor: Animal skin       |     7 |     1 |       ||     8
       Scale mail        |       |    48 |    87 ||   135
Dodge: Dodged            |    48 |    43 |    98 ||   189
Block: Kite shield       |       |       |    61 ||    61
